 Dungeon Crawl Stone Soup version 0.21.1-1-g345015f (webtiles) character file.

53 inc the Sneak (level 3, 0/21 HPs)
             Began as an Octopode Enchanter on Apr 23, 2018.
             Slain by a kobold (2 damage)
             ... on level 1 of the Dungeon.
             The game lasted 00:01:25 (835 turns).

inc the Sneak (Octopode Enchanter)                   Turns: 835, Time: 00:01:26

Health: 0/21       AC:  1    Str:  7    XL:     3   Next: 89%
Magic:  5/6        EV: 13    Int: 18    God:
Gold:   29         SH:  0    Dex: 12    Spells: 5/6 levels left

rFire    . . .     SeeInvis .   a - +1 dagger
rCold    . . .     Gourm    .   (no shield)
rNeg     . . .     Faith    .   (helmet restricted)
rPois    .         Spirit   .   (no amulet)
rElec    .         Reflect  .   (no ring)
rCorr    .         Harm     .   (no ring)
MR       .....                  (no ring)
Stlth    +++.......             (no ring)
HPRegen  0.07/turn              (no ring)
MPRegen  0.10/turn              (no ring)
                                (no ring)
                                (no ring)

@: slowed, very slow
A: almost no armour, stealthy swim, amphibious, 8 rings, constrict 8, camouflage
1, gelatinous body 1
a: no special abilities


You were on level 1 of the Dungeon.
You were not hungry.

You visited 1 branch of the dungeon, and saw 2 of its levels.

You collected 29 gold pieces.

Inventory:

Hand Weapons
 a - a +1 dagger (weapon)
Jewellery
 f - an uncursed ring of stealth {unknown}
Scrolls
 d - a scroll of enchant weapon {unknown}
 e - a scroll of identify {unknown}
 g - a scroll of random uselessness {unknown}
Books
 b - a book of Maledictions

   Spells                             Type                      Level
   a - Corona                         Hexes                        1
   b - Ensorcelled Hibernation        Hexes/Ice                    2
   c - Confuse                        Hexes                        3
   d - Tukima's Dance                 Hexes                        3
   e - Dazzling Spray                 Conjuration/Hexes            3
Comestibles
 c - a ration


   Skills:
 + Level 3.6 Short Blades
 - Level 2.0 Dodging
 - Level 4.0 Stealth
 - Level 2.0 Spellcasting
 - Level 3.0 Hexes


You had 5 spell levels left.
You knew the following spells:

 Your Spells              Type           Power        Failure   Level  Hunger
a - Corona                Hex            ##.....      5%          1    #......


Dungeon Overview and Level Annotations

Branches:
Dungeon (2/15)

Altars:

Annotations:
D:2 Natasha


Innate Abilities, Weirdness & Mutations

You cannot wear most types of armour.
You are very stealthy in the water. (Stealth+)
You are amphibious.
You can wear up to eight rings at the same time.
You can use your tentacles to constrict eight enemies at once.
Your skin changes colour to match your surroundings (Stealth+).
Your rubbery body absorbs attacks. (AC +1, EV +1)


Message History

The bat barely misses you.
Natasha stares at you and mumbles some strange words.
You feel yourself slow down. The bat hits you but does no damage.
The kobold barely misses you.
There is a stone staircase leading up here.
The kobold barely misses you. The bat hits you.
* * * LOW HITPOINT WARNING * * *
Natasha claws you.
* * * LOW HITPOINT WARNING * * *
You climb upwards.
There is a stone staircase leading down here.
Unknown command.
The kobold misses you.
Casting: Corona
Confirm with . or Enter, or press ? or * to list all spells.
Aiming: Corona
Press: ? - help, Shift-Dir - straight line, f - kobold
Aim: a kobold (chance to defeat MR: 66%)
The kobold barely resists.
The kobold barely misses you. The kobold hits you.
You die...

รท#
#...###P#P#P#P#P#.....###
.# #.#..##############...#
.# #....#.# #.##.###...#
.###..###.#####.#...##...#
#.##.....................#
##.##.###....####...##..##
##...# #####.....#.##..#
##.##.#######.####.###..#
#.#....)......>K@.......#
.##..#.........##########
)##....######.## .##.#.##
#.# ..#.#[# #.#
#.#.#.#######.#
..............#
......######### ....###


You could see a kobold.

Vanquished Creatures
  Jessica (D:2)
  2 bats (D:1)
  4 giant cockroaches (D:1)
  2 goblins (D:1)
  3 hobgoblins
  4 jackals (D:1)
  2 frilled lizards
  4 kobolds (D:1)
  3 rats (D:1)
25 creatures vanquished.

Notes
Turn   | Place    | Note
-------+----------+-------------------------------------------
     0 | D:1      | inc the Octopode Enchanter began the quest for the Orb.
     0 | D:1      | Reached XP level 1. HP: 11/11 MP: 3/3
   205 | D:1      | Reached XP level 2. HP: 17/17 MP: 5/5
   674 | D:1      | Reached XP level 3. HP: 21/21 MP: 6/6
   818 | D:2      | Noticed Jessica
   819 | D:2      | Noticed Natasha
   823 | D:2      | Killed Jessica
   831 | D:2      | HP: 1/21 [Natasha (2)]
   835 | D:1      | Slain by a kobold

Skill      XL: |  1  2  3 |
---------------+----------+-----
Short Blades   | 2 3 |  3.6
Dodging        | |  2.0
Stealth        | |  4.0
Spellcasting   | |  2.0
Hexes          | |  3.0

Action                   || total
-------------------------++-------
Melee: Dagger            ||    55
       Constrict         ||    12
       Tentacles         ||     6
 Cast: Corona            ||     1
 Stab: Sleeping          ||     9
Armor: Skin              ||     6
Dodge: Dodged            ||    35
